 Dungeon Crawl Stone Soup version 0.19-a0-965-g50bf062 (webtiles) character file.

42 George the Slasher (level 3, -11/29 HPs)
             Began as a Mummy Fighter on July 12, 2016.
             Was an Initiate of Okawaru.
             Mangled by Menkaure (19 damage)
             ... on level 4 of the Dungeon.
             The game lasted 00:02:04 (1614 turns).

George the Slasher (Mummy Fighter)                  Turns: 1614, Time: 00:02:04

Health: -11/29     AC: 11    Str: 20    XL:     3   Next: 35%
Magic:  3/3        EV:  3    Int:  7    God:    Okawaru [......]
Gold:   104        SH:  8    Dex: 11    Spells: 0 memorised, 2 levels left

rFire  x . .     SeeInvis .     a - +0 long sword
rCold  + . .     Gourm    .     g - +0 plate armour
rNeg   + + +     Faith    .     c - +0 shield
rPois  ∞         Spirit   .     (no helmet)
rElec  .         Dismiss  .     (no cloak)
rCorr  .         Reflect  .     (no gloves)
SustAt .         Harm     .     (no boots)
MR     .....                    (no amulet)
Stlth  ..........               (no ring)
                                (no ring)

@: not resistant to hostile enchantments, extremely unstealthy
A: no food or potions, fire vulnerability, cold resistance 1, negative energy
resistance 3, torment resistance, unbreathing
a: Renounce Religion


You were on level 4 of the Dungeon.
You worshipped Okawaru.
Okawaru was noncommittal.
You were not hungry.

You visited 2 branches of the dungeon, and saw 4 of its levels.

You collected 104 gold pieces.

Inventory:

Hand Weapons
 a - a +0 long sword (weapon)
Armour
 c - a +0 shield (worn)
 g - a +0 plate armour (worn)
Scrolls
 d - a scroll of teleportation {unknown}
 e - a scroll of blinking {unknown}
 f - a scroll of remove curse {unknown}
 h - a scroll of amnesia {unknown}
 i - a scroll of fog {unknown}


   Skills:
 + Level 3.0 Fighting
 * Level 3.1 Long Blades
 + Level 2.4 Armour
 + Level 2.4 Shields
 + Level 0.0 Invocations


You had 2 spell levels left.
You didn't know any spells.

Dungeon Overview and Level Annotations

Branches:
Dungeon (4/15)             Temple (1/1) D:4

Altars:
Cheibriados
Dithmenos
Fedhas
Hepliaklqana
Kikubaaqudgha
Okawaru
Pakellas
Qazlal
Ru
Sif Muna
Trog
Uskayaw
Vehumet

Annotations:
D:4 Menkaure


Innate Abilities, Weirdness & Mutations

You do not eat or drink.
Your flesh is vulnerable to fire.
You are immune to poison.
Your flesh is cold resistant. (rC+)
You are immune to negative energy. (rN+++)
You are immune to unholy pain and torment.
You can survive without breathing.


Message History

You kneel at the altar of Okawaru.
Okawaru welcomes you!
There is a shadowy altar of Dithmenos here.
There is an open gate here.
There is a staircase back to the Dungeon here.
You climb upwards.
Welcome back to the Dungeon!
Level annotation: Menkaure
There is a staircase to the Ecumenical Temple here.
Menkaure hits you but does no damage.
You completely miss Menkaure. Menkaure hits you!!
Ouch! That really hurt!
Your shield prevents you from hitting Menkaure.
Menkaure hits you.
* * * LOW HITPOINT WARNING * * *
You hit Menkaure.
Menkaure is lightly damaged.
Menkaure shouts, "Why can't you leave me to my rest?"
Menkaure hits you!!
Ouch! That really hurt!
You die...

.# .# .#
####.####
#.[.....#
.#####>......###
#................
.........@....##
#######..M....#
#.......#
#.......#
#########


You could see Menkaure.

Vanquished Creatures
  An adder (D:2)
  2 dart slugs (D:1)
  A giant gecko (D:1)
  7 goblins
  5 hobgoblins
  2 jackals (D:1)
  2 bats
  A kobold (D:2)
  6 rats
27 creatures vanquished.

Notes
Turn   | Place    | Note
-------+----------+-------------------------------------------
     0 | D:1      | George the Mummy Fighter began the quest for the Orb.
     0 | D:1      | Reached XP level 1. HP: 18/18 MP: 1/1
   156 | D:1      | Reached XP level 2. HP: 24/24 MP: 2/2
   799 | D:2      | Found a blossoming altar of Fedhas.
   800 | D:2      | Found a stormy altar of Qazlal.
   934 | D:2      | Reached XP level 3. HP: 29/29 MP: 3/3
  1299 | D:2      | Found a hide-covered altar of Uskayaw.
  1493 | D:2      | You fall through a shaft for 2 floors!
  1493 | D:4      | Found a staircase to the Ecumenical Temple.
  1493 | D:4      | Noticed Menkaure
  1496 | Temple   | Entered the Ecumenical Temple
  1567 | Temple   | Became a worshipper of Warmaster Okawaru
  1614 | D:4      | Mangled by Menkaure

Vault maps used:
D:1:      grunt_arrival_crossed_arrows
D:2:      grunt_temple_overflow_forces_of_nature, lemuel_doored_altar,
          first_bread
D:4:      minmay_misc_feat_rows, hangedman_abyss_or_decor_stabs, uniq_duvessa,
          uniq_pikel, uniq_grinder, uniq_menkaure
Temple:   cyrus_temple_forest

Skill      XL: |  1  2  3 |
---------------+----------+-----
Long Blades    | 2 3 |  3.1
Fighting       | |  3.0
Armour         | |  2.4
Shields        | |  2.4

Action                   || total
-------------------------++-------
Melee: Long sword        ||   103
Armor: Scale mail        ||    29
       Plate armour      ||    19
Dodge: Dodged            ||    22
Block: Shield            ||    41
